 Dungeon Crawl Stone Soup version 0.29-a0-925-g0a7a3d12f8 (webtiles) character file.

Game seed: 13439322843129304543

20 concernfroge the Trooper (level 2, -1/25 HPs)
             Began as a Mummy Monk on July 30, 2022.
             Slain by Sigmund
             ... wielding a +1 scythe of flaming
              (4 damage)
             ... on level 2 of the Dungeon.
             The game lasted 00:01:59 (757 turns).

concernfroge the Trooper (Mummy Monk)                Turns: 757, Time: 00:01:59

Health: -1/25      AC:  5    Str: 14    XL:     2   Next: 58%
Magic:  2/2        EV: 11    Int:  9    God:
Gold:   3          SH:  0    Dex: 14    Spells: 1/1 levels left

rFire   x . .      SeeInvis .   d - +0 sling (freeze)
rCold   + . .      Faith    .   (no shield)
rNeg    + + +      Spirit   .   c - +0 ring mail
rPois   ∞          Reflect  .   e - +0 hat
rElec   .          Harm     .   (no cloak)
rCorr   .          Rampage  .   (no gloves)
Will    .....                   (no boots)
Stlth   ..........              (no amulet)
HPRegen 0.08/turn               (no ring)
MPRegen 0.08/turn               (no ring)

@: confused, weak-willed
A: cold resistance 1, negative energy resistance 3, torment resistance 2, heat
vulnerability 1, no potions
a: no special abilities


You were on level 2 of the Dungeon.
You visited 1 branch of the dungeon, and saw 2 of its levels.

You collected 3 gold pieces.

Inventory:

Hand Weapons
 a - a +0 spear
 d - a +0 sling of freezing (weapon)
Armour
 c - a +0 ring mail (worn)
 e - a +0 hat (worn)


   Skills:
 + Level 4.0 Fighting
 - Level 2.4 Polearms
 - Level 2.4 Dodging
 - Level 1.5 Stealth


You had one spell level left.
You didn't know any spells.
Your spell library was empty.

Dungeon Overview and Level Annotations

Branches:
Dungeon (2/15)

Altars:

Annotations:
D:2 Sigmund


Innate Abilities, Weirdness & Mutations

You are immune to poison.
Your flesh is cold resistant. (rC+)
You are immune to negative energy. (rN+++)
You are immune to unholy pain and torment.
You are vulnerable to heat. (rF-)
You do not drink.


Message History

No target in view!
Found a red potion.
You see here a worm corpse.
Found a stone staircase leading down.
Sigmund the Dreaded comes into view.
He is wielding a +1 scythe of flaming.
Sigmund shouts!
Sigmund gestures at you while chanting. The magic dart hits you.
You shoot a sling bullet. The sling bullet hits Sigmund.
The sling bullet freezes Sigmund.
Sigmund is lightly wounded.
Sigmund points at you and mumbles some strange words.
The magic dart hits you!
You are too injured to fight recklessly!
You are too injured to fight recklessly!
As you read the scroll labelled GIUWIUTEGI, it crumbles to dust.
Magic quickly surges around you.
It was a scroll of vulnerability.
As you read the scroll labelled ZOEXZOH QAPHI, it crumbles to dust.
It is a scroll of identify.
You don't have any unidentified items.
Sigmund casts a spell at you.
You are confused.
Sigmund points at you and mumbles some strange words.
The magic dart hits you.
You're too confused to move!
Sigmund gestures at you while chanting. You resist with significant effort.
Sigmund barely misses you.
You bump into the rock wall.
You feel less confused.
Sigmund says, "Look into my eyes."
Sigmund hits you from afar with a +1 scythe of flaming.
Sigmund burns you. Sigmund casts a spell at you.
You are confused.
You're too confused to move!
Sigmund hits you from afar with a +1 scythe of flaming.
* * * LOW HITPOINT WARNING * * *
Sigmund burns you.
You die...

#### ... ..#
######.#
###......###.
#..>.........
#@...#####
#........#
#..@...#.#
#........#
#.....####.##
#............
###)...†#######
...........#
.........#.#


You could see Sigmund (weak-willed).

Vanquished Creatures
  A worm (D:2)
  5 bats
  2 endoplasms (D:1)
  2 hobgoblins (D:1)
  2 ball pythons (D:1)
  2 frilled lizards (D:1)
  2 kobolds (D:1)
  2 rats (D:1)
18 creatures vanquished.

Vanquished Creatures (others)
  A plant (D:1)
1 creature vanquished.

Grand Total: 19 creatures vanquished

Notes
Turn   | Place    | Note
-------+----------+-------------------------------------------
     0 | D:1      | concernfroge the Mummy Monk began the quest for the Orb.
     0 | D:1      | Reached XP level 1. HP: 18/18 MP: 1/1
   265 | D:1      | Reached XP level 2. HP: 23/24 MP: 2/2
   736 | D:2      | Reached skill level 4 in Fighting
   742 | D:2      | Noticed Sigmund
   757 | D:2      | Slain by Sigmund

Illustrated notes

Levels and vault maps discovered:
D:1:      amcnicky_arrival_flooded_fountain, layout_loops_cross,
          serial_bayou_pond_a
D:2:      layout_basic, grunt_ministairs_2, minmay_close_crescents, uniq_sigmund

Skill      XL: |  1  2 |
---------------+-------+-----
Fighting       | 4 |  4.0
Polearms       | |  2.4
Dodging        | |  2.4
Stealth        | |  1.5

Action                   || total
-------------------------++-------
Melee: Spear             ||    13
 Fire: Sling             ||    65
  Use: Scroll            ||     2
Armor: Robe              ||     5
       Ring mail         ||    14
Dodge: Dodged            ||    44

Table legend: (Time is in decaauts)
 A = Elapsed time spent in this place.
 B = Non-inter-level travel time spent in this place.
 C = Inter-level travel time spent in this place.
 D = Time resting spent in this place.
 E = Time spent auto-exploring this place.
 F = Levels seen in this place.
 G = Mean time per level.
                   A        B        C        D        E       F      G
               +--------+--------+--------+--------+--------+-----+--------+
         Total |    790 |    719 |     71 |      0 |    538 |   2 |  395.0 |
       Dungeon |    790 |    719 |     71 |      0 |    538 |   2 |  395.0 |
               +--------+--------+--------+--------+--------+-----+--------+

Top non-repeatable levels by time:
     D:1: 746 daAuts
     D:2: 43 daAuts
